Map: King Sejong Station LE

Players

TPZMAN - Winner!

  • Race: Protoss Protoss
  • League: Bronze

Gracz

  • Race: Protoss Protoss
  • League: Bronze

VOD

Have the link to the VOD?

Description

Time

  • Played on: Sept. 3, 2016, 6:35 p.m.
  • Length: 8:05
Show
View Real Time Build Order
Export as new Build Order

TPZMAN Protoss - Winner!

Build Orders:  

Get SALT Encoding   

  12  0:03  Probe (Chrono Boost)  
  14  0:14  Probe (Chrono Boost)  
  14  0:24  Probe (Chrono Boost)  
  15  0:28  Pylon  
  15  0:33  Assimilator  
  15  0:51  Gateway  
  15  0:56  Forge  
  15  0:59  Probe (Chrono Boost)  
  16  1:10  Probe (Chrono Boost)  
  17  1:21  Probe (Chrono Boost)  
  18  1:32  Pylon  
  18  1:43  Zealot  
  18  1:44  Cybernetics Core  
  20  1:57  Assimilator  
  20  2:03  Probe (Chrono Boost)  
  21  2:10  Zealot  
  21  2:13  Probe (Chrono Boost)  
  24  2:23  Warp Gate  
  24  2:24  Probe (Chrono Boost)  
  25  2:36  Zealot  
  27  2:59  Zealot  
  29  3:09  Pylon  
  29  3:22  Stalker  
  29  3:25  Robotics Facility  
  31  3:30  Stargate  
  31  3:40  Gateway  
  31  3:49  Stalker  
  31  3:52  Probe (Chrono Boost)  
  34  4:13  Pylon  
  34  4:14  Immortal  
  38  4:27  Stalker  
  38  4:28  Pylon  
  40  4:45  Void Ray  
  44  4:53  Stalker  
  46  5:19  Stalker  
  48  5:35  Immortal  
  52  5:45  Stalker  
  52  5:46  Pylon  
  54  5:51  Pylon  
  54  5:52  Nexus  
  54  6:00  Twilight Council  
Show
View Real Time Build Order
Export as new Build Order

Gracz Protoss 

Build Orders:  

Get SALT Encoding   

  12  0:02  Probe (Chrono Boost)  
  13  0:13  Pylon  
  13  0:18  Probe (Chrono Boost)  
  14  0:33  Gateway  
  15  0:35  Probe (Chrono Boost)  
  15  0:46  Probe (Chrono Boost)  
  16  0:59  Probe (Chrono Boost)  
  17  1:07  Assimilator  
  17  1:10  Probe (Chrono Boost)  
  18  1:20  Probe (Chrono Boost), Zealot  
  21  1:26  Gateway  
  21  1:33  Pylon  
  21  1:47  Zealot  
  21  1:48  Cybernetics Core  
  23  2:10  Warp Gate  
  23  2:14  Nexus  
  23  2:17  Probe (Chrono Boost)  
  24  2:32  Assimilator  
  24  2:35  Probe (Chrono Boost)  
  25  2:47  Probe (Chrono Boost)  
  27  3:00  Probe (Chrono Boost)  
  27  3:08  Gateway  
  27  3:11  Gateway  
  27  3:12  Probe (Chrono Boost)  
  28  3:18  Pylon  
  28  3:24  Probe (Chrono Boost)  
  28  3:27  Pylon  
  29  3:37  Mothership Core (Chrono Boost)  
  31  3:43  Probe (Chrono Boost)  
  32  3:54  Probe (Chrono Boost)  
  33  3:57  Probe (Chrono Boost)  
  33  3:58  Stargate  
  34  4:04  Probe (Chrono Boost)  
  34  4:07  Pylon  
  34  4:09  Probe (Chrono Boost)  
  36  4:11  Pylon  
  36  4:14  Pylon  
  36  4:15  Probe (Chrono Boost)  
  37  4:17  Pylon  
  37  4:21  Probe (Chrono Boost)  
  38  4:25  Probe (Chrono Boost)  
  38  4:26  Pylon  
  38  4:30  Pylon  
  39  4:33  Assimilator  
  39  4:34  Probe (Chrono Boost)  
  39  4:36  Probe (Chrono Boost)  
  39  4:38  Assimilator  
  41  4:45  Void Ray  
  45  4:46  Probe (Chrono Boost)  
  46  4:54  Stalker  
  46  4:55  Stalker  
  46  4:59  Probe (Chrono Boost)  
  52  5:00  Probe (Chrono Boost)  
  52  5:10  Probe (Chrono Boost)  
  53  5:20  Forge, Probe (Chrono Boost)  
  54  5:26  Twilight Council  
  54  5:31  Probe (Chrono Boost)  
  55  5:42  Probe (Chrono Boost)  
  56  5:47  Nexus  
  56  5:48  Stalker  
  58  5:50  Assimilator  
  58  5:55  Assimilator  
  58  5:56  Protoss Shields Level 1  
  58  6:09  Pylon  
  58  6:11  Gateway  
  58  6:17  Gateway x2  
  48  6:38  Stalker x2  
  48  6:39  Stalker x2  
  39  7:39  Pylon  
Tags
 
Add a new tag
Caveats
  • Supply blocks, unpowered buildings, or Contaminate may cause inaccurate times.
  • Supply counts are checked every 10 seconds.